 Dungeon Crawl Stone Soup version 0.18.1-50-g88ac8fd (webtiles) character file.

7805 Iflex the Spear-Bearer (level 11, -6/87 HPs)
             Began as a Merfolk Gladiator on Oct 1, 2016.
             Was a High Priest of Makhleb.
             Engulfed by a cloud of flame (26 damage)
             ... on level 11 of the Dungeon.
             The game lasted 01:20:13 (12767 turns).

Iflex the Spear-Bearer (Merfolk Gladiator)         Turns: 12767, Time: 01:20:14

Health: -6/87      AC: 15    Str: 17    XL:     11   Next: 21%
Magic:  12/12      EV: 14    Int:  6    God:    Makhleb [*****.]
Gold:   364        SH:  0    Dex: 16    Spells: 1 memorised, 2 levels left

rFire  . . .     SeeInvis .     a - +4 trident
rCold  . . .     Gourm    .     F - +7 chain mail of Winter {rPois}
rNeg   . . .     Faith    .     (no shield)
rPois  +         Spirit   .     (helmet restricted)
rElec  .         Dismiss  .     (no cloak)
rCorr  .         Reflect  .     f - +0 pair of gloves
SustAt .         Harm     .     h - +0 pair of boots
MR     .....                    (no amulet)
Stlth  +.........               (no ring)
                                g - ring of wizardry

@: studying Axes, not resistant to hostile enchantments, very unstealthy
A: change form in water, swift swim, horns 1, camouflage 1, deformed body, dopey
1, mutation resistance 1, regeneration 1, subdued magic 1, sturdy frame 1
a: Minor Destruction, Lesser Servant of Makhleb, Major Destruction, Greater
Servant of Makhleb, Renounce Religion


You were on level 11 of the Dungeon.
You worshipped Makhleb.
Makhleb was extremely pleased with you.
You were not hungry.

You visited 2 branches of the dungeon, and saw 12 of its levels.
You also visited: Ossuary.

You collected 532 gold pieces.
You spent 168 gold pieces at shops.

Inventory:

Hand Weapons
 a - a +4 trident (weapon)
 Q - a +0 spear
Armour
 b - a +0 leather armour
 c - a +2 helmet
 f - a +0 pair of gloves (worn)
 h - a +0 pair of boots (worn)
 x - a +0 pair of gloves
 C - a +0 leather armour
 F - the +7 chain mail of Winter (worn) {rPois}
   (You found it on level 8 of the Dungeon)

   It protects you from poison.
 M - a +0 leather armour
 N - a +0 leather armour
Jewellery
 g - a ring of wizardry (left hand)
 E - a -2 ring of dexterity
 O - a -2 ring of evasion
Wands
 o - a wand of acid (1/15)
 q - a wand of slowing (28/48)
 y - a wand of lightning (4/15)
 A - a wand of lightning (2/15)
 B - a wand of paralysis (1/24)
 L - a wand of confusion (13/48)
 P - a wand of slowing (36/48)
 T - a wand of iceblast (1/15)
 W - a wand of enslavement (14/24)
Scrolls
 k - 2 scrolls of amnesia
 l - 3 scrolls of remove curse
 n - a scroll of magic mapping
 U - a scroll of blinking
 V - a scroll of enchant armour
Potions
 d - a potion of cancellation {unknown}
 e - 2 potions of flight
 p - a potion of invisibility {unknown}
 r - a potion of agility
 s - a potion of cure mutation {unknown}
 t - 2 potions of resistance
 v - a potion of might
 D - a potion of curing
 I - 4 potions of lignification
 K - a potion of mutation
Books
 i - an Akashic Record

   Spells                             Type                      Level
   a - Dispersal                      Translocation                6
   b - Malign Gateway                 Summoning/Translocation      7
   c - Disjunction                    Translocation                8
   d - Controlled Blink               Translocation                8
 j - a manual of Axes
Comestibles
 m - 5 bread rations
 z - 3 meat rations
 G - a slice of pizza
 H - a fruit
 R - 3 chunks of flesh
 S - a beef jerky


   Skills:
 + Level 8.6 Fighting
 + Level 13.3 Polearms
 + Level 4.0 Throwing
 + Level 4.5 Armour
 + Level 11.6 Dodging
 + Level 4.3 Stealth
 + Level 0.2 Translocations
 + Level 0.4 Invocations
 + Level 2.4 Evocations


You had 2 spell levels left.
You knew the following spells:

 Your Spells              Type           Power        Failure   Level  Hunger
a - Disjunction           Tloc           #.........   100%        8    #######


Dungeon Overview and Level Annotations

Branches:
Dungeon (11/15)            Temple (1/1) D:6            Lair (0/8) D:8
    Orc (0/2) D:10

Altars:
Ashenzari
Cheibriados
Dithmenos
Elyvilon
Fedhas
Gozag
Kikubaaqudgha
Makhleb
Nemelex Xobeh
Okawaru
Pakellas
Qazlal
Ru
Sif Muna
Trog
Vehumet
Xom
Yredelemnul
Zin
The Shining One
Beogh

Shops:
D:4 [   D:6 *


Innate Abilities, Weirdness & Mutations

You revert to your normal form in water.
You are very nimble and swift while swimming.
You have a pair of small horns on your head.
Your skin changes colour to match your surroundings (Stealth).
Armour fits poorly on your strangely shaped body.
You are dopey. (Int -2)
You are somewhat resistant to further mutation.
Your natural rate of healing is unusually fast.
Your spells are a little easier to cast, but a little less powerful.
Your movements are slightly less encumbered by armour (ER -2).


Message History

Something barely misses you. Something hits you but does no damage.
Something hits you but does no damage. x2
You puncture something! Something hits you but does no damage.
Something hits you.
You puncture something! Something barely misses you.
You hit something but do no damage. Something hits you but does no damage.
Something hits you but does no damage. Something hits you but does no damage.
You hit something.
Something hits you but does no damage. x2
You barely miss something. You headbutt something.
The fiery explosion engulfs you!
* * * LOW HITPOINT WARNING * * *
Makhleb accepts your kill.
You feel better.
Reactivating autopickup.
You feel a bit more experienced.
You are engulfed in roaring flames.
* * * LOW HITPOINT WARNING * * *
You feel better.
You are engulfed in roaring flames.
You die...

############
###......<...#
+§#§$........#
#@§§.........#
###§.........#
#..........#
#.......(..#
########+###


There were no monsters in sight!

Vanquished Creatures
  The ghost of Chiseanne the Fighter, a novice OpBe of Trog (D:9)
  The ghost of nikopol the Cleaver, a novice MiBe of Trog (D:7)
  An unseen horror (D:11)
  2 hill giants (D:10)
  A two-headed ogre (D:8)
  Grinder (D:4)
  2 yaks (D:8)
  A wyvern (D:8)
  Menkaure (D:5)
  A steam dragon (D:8)
  A hungry ghost (D:10)
  3 ice beasts
  A sky beast (D:8)
  4 orc warriors
  A phantom (D:4)
  A black bear (D:8)
  9 ogres
  5 centaurs
  6 giant frogs
  2 scorpions (D:7)
  A wyvern skeleton (D:9)
  2 howler monkeys
  3 crimson imps
  3 giant frog zombies
  A giant frog skeleton (D:8)
  7 hounds
  6 orc priests
  10 orc wizards
  A centaur skeleton (D:6)
  Terence (D:3)
  4 iguanas
  A hell rat (D:6)
  5 worker ants
  2 mummies (Ossuary)
  A worker ant zombie (D:7)
  4 gnolls
  10 adders
  4 river rats (D:6)
  4 shadow imps
  3 oozes
  An adder zombie (D:5)
  An adder skeleton (D:4)
  3 worms
  A dart slug (D:1)
  4 giant geckos
  37 orcs
  3 ball pythons
  10 bats
  5 giant cockroaches
  A gnoll zombie (Ossuary)
  10 goblins
  7 hobgoblins
  12 jackals
  18 kobolds
  3 quokkas
  A giant gecko skeleton (D:5)
  2 giant gecko zombies
  4 giant newts
  3 hobgoblin zombies (Ossuary)
  A kobold zombie (Ossuary)
  An orc zombie (Ossuary)
  A quokka zombie (D:5)
  35 rats
  8 bushes (D:1)
  4 fungi (D:8)
  15 plants
309 creatures vanquished.

Vanquished Creatures (others)
  5 fungi (D:8)
  A plant (D:8)
6 creatures vanquished.

Grand Total: 315 creatures vanquished

Notes
Turn   | Place    | Note
--------------------------------------------------------------
     0 | D:1      | Iflex the Merfolk Gladiator began the quest for the Orb.
     0 | D:1      | Reached XP level 1. HP: 16/16 MP: 1/1
   150 | D:1      | Reached XP level 2. HP: 21/23 MP: 2/2
   189 | D:1      | You fall through a shaft!
   208 | D:2      | Found a basalt altar of Yredelemnul.
   356 | D:1      | Reached skill level 5 in Polearms
   386 | D:1      | Reached XP level 3. HP: 26/28 MP: 3/3
  1787 | D:2      | Reached XP level 4. HP: 34/34 MP: 4/4
  1953 | D:2      | Reached skill level 5 in Dodging
  2330 | D:3      | Reached XP level 5. HP: 32/40 MP: 5/5
  2502 | D:3      | Reached skill level 1 in Stealth
  2810 | D:3      | Found a burning altar of Makhleb.
  2827 | D:3      | Became a worshipper of Makhleb the Destroyer
  2877 | D:3      | Found a white marble altar of Elyvilon.
  2885 | D:3      | Noticed Terence
  2907 | D:3      | Killed Terence
  2907 | D:3      | Reached skill level 1 in Armour
  3076 | D:4      | Found a deep blue altar of Sif Muna.
  3079 | D:4      | Found a shadowy altar of Dithmenos.
  3079 | D:4      | Found an oddly glowing altar of Pakellas.
  3082 | D:4      | Found a blossoming altar of Fedhas.
  3220 | D:4      | Found Goruhih's Armour Shop.
  3387 | D:4      | Found a radiant altar of Vehumet.
  3497 | D:4      | Reached skill level 6 in Polearms
  3497 | D:4      | Reached XP level 6. HP: 44/47 MP: 6/6
  3720 | D:4      | Found a shattered altar of Ashenzari.
  3758 | D:5      | Entered Level 5 of the Dungeon
  3960 | D:5      | Noticed Menkaure
  4083 | D:5      | Killed Menkaure
  4083 | D:5      | Reached XP level 7. HP: 28/53 MP: 7/7
  4276 | D:5      | Found a snail-covered altar of Cheibriados.
  4373 | D:5      | Reached * piety under Makhleb
  4776 | D:5      | Noticed Grinder
  4809 | D:4      | Paralysed by Grinder for 6 turns
  4822 | D:4      | Killed Grinder
  4822 | D:4      | Reached skill level 7 in Polearms
  4987 | D:5      | Reached XP level 8. HP: 48/61 MP: 8/8
  5101 | D:5      | Found a bloodstained altar of Trog.
  5180 | D:5      | Found an iron altar of Okawaru.
  5579 | D:6      | Found Beani's Elemental Accessories.
  5638 | D:6      | Bought a wand of lightning (8/15) for 168 gold pieces
  5735 | D:6      | Found a staircase to the Ecumenical Temple.
  5758 | Temple   | Entered the Ecumenical Temple
  6370 | D:6      | Reached ** piety under Makhleb
  6945 | D:7      | Found a sand-covered staircase.
  6952 | Ossuary  | Entered an ossuary
  7061 | D:7      | Noticed nikopol's ghost (novice MiBe)
  7063 | D:7      | Reached skill level 8 in Polearms
  7391 | D:7      | Reached skill level 5 in Fighting
  7396 | D:7      | Reached *** piety under Makhleb
  7429 | D:7      | Found a burning altar of Makhleb.
  7542 | D:7      | Reached XP level 9. HP: 66/68 MP: 9/9
  8036 | D:7      | Reached skill level 9 in Polearms
  8198 | D:7      | Identified a scroll of acquirement
  8531 | D:7      | Killed nikopol's ghost
  8531 | D:7      | Reached skill level 10 in Polearms
  8531 | D:7      | Reached skill level 10 in Dodging
  8531 | D:7      | Reached skill level 1 in Evocations
  9112 | D:8      | Found a staircase to the Lair.
  9186 | D:8      | Gained mutation: You are dopey. (Int -2) [mutagenic meat]
  9187 | D:8      | Gained mutation: You are somewhat resistant to further mutation. [mutagenic meat]
  9289 | D:8      | Reached **** piety under Makhleb
  9289 | D:8      | Reached XP level 10. HP: 42/77 MP: 11/11
  9575 | D:8      | Reached skill level 11 in Polearms
  9893 | D:8      | Got a slimy chain mail
  9904 | D:8      | Identified the +7 chain mail of Winter {rPois} (You found it on level 8 of the Dungeon)
  9962 | D:8      | Found a shimmering altar of Xom.
  9962 | D:8      | Found an opulent altar of Gozag.
 10472 | D:9      | Noticed Chiseanne's ghost (novice OpBe)
 10692 | D:8      | Learned a level 8 spell: Disjunction
 10811 | D:8      | Gained mutation: Armour fits poorly on your strangely shaped body. [mutagenic glow]
 10862 | D:8      | Gained mutation: Your natural rate of healing is unusually fast. [mutagenic glow]
 10891 | D:8      | Gained mutation: Your spells are a little easier to cast, but a little less powerful. [mutagenic glow]
 10969 | D:8      | Gained mutation: Your skin changes colour to match your surroundings (Stealth). [mutagenic glow]
 11025 | D:9      | Killed Chiseanne's ghost
 11459 | D:9      | Reached skill level 12 in Polearms
 11479 | D:9      | Found a blossoming altar of Fedhas.
 11749 | D:10     | Entered Level 10 of the Dungeon
 12064 | D:10     | Noticed a hill giant
 12079 | D:10     | Killed a hill giant
 12165 | D:10     | Reached XP level 11. HP: 72/86 MP: 12/12
 12194 | D:10     | Noticed a hill giant
 12214 | D:10     | Killed a hill giant
 12214 | D:10     | Reached skill level 13 in Polearms
 12377 | D:10     | Gained mutation: You have a pair of small horns on your head. [potion of mutation]
 12395 | D:10     | Reached ***** piety under Makhleb
 12407 | D:10     | Gained mutation: Your movements are slightly less encumbered by armour (ER -2). [potion of mutation]
 12410 | D:10     | Found a staircase to the Orcish Mines.
 12440 | D:10     | Found a roughly hewn altar of Beogh.
 12766 | D:11     | Killed an unseen horror
 12767 | D:11     | Engulfed by a cloud of flame

Skill      XL: |  1  2  3  4  5  6  7  8  9 10 11 |
---------------+----------------------------------+-----
Polearms       | 5 6 7 8 10 12 13 | 13.3
Dodging        | 5 6 7 8 10 11 | 11.6
Stealth        | 1 2 3 4 |  4.3
Fighting       | 3 4 5 6 8 |  8.6
Armour         | 1 2 3 4 |  4.5
Throwing       | 3 4 |  4.0
Evocations     | 1 2 |  2.4
Translocations | |  0.2
Invocations    | |  0.4

Action                   |  1- 3 |  4- 6 |  7- 9 | 10-12 || total
-------------------------+-------+-------+-------+-------++-------
Melee: Trident           |   977 |   213 |   537 |   553 ||  2280
       Headbutt          |       |       |       |    16 ||    16
Throw: Throwing net      |     1 |    11 |       |       ||    12
       Javelin           |       |     4 |    45 |     2 ||    51
Invok: Minor Destruction |       |       |     1 |       ||     1
       Lesser Servant of |       |       |     1 |       ||     1
Evoke: Wand              |       |       |    17 |     7 ||    24
  Use: Scroll            |       |     7 |    17 |    10 ||    34
       Potion            |       |     1 |     6 |     8 ||    15
 Stab: Sleeping          |       |     3 |     3 |       ||     6
       Held in net/web   |       |     6 |       |       ||     6
       Paralysed         |       |       |     1 |       ||     1
       Confused          |       |       |       |     2 ||     2
  Eat: Bread ration      |     1 |     1 |     4 |       ||     6
       Meat ration       |     1 |       |       |       ||     1
       Chunk             |       |       |     5 |     6 ||    11
       Fruit             |       |       |     1 |     1 ||     2
       Pizza             |       |       |       |     1 ||     1
       Beef jerky        |       |       |       |     1 ||     1
Armor: Leather armour    |    32 |    47 |    80 |    16 ||   175
       Chain mail        |       |       |       |   165 ||   165
Dodge: Dodged            |    70 |   188 |   415 |   213 ||   886
